 Dungeon Crawl Stone Soup version 0.22-a0-159-g7ce444f (webtiles) character file.

1849 KristoblXynda the Carver (level 8, -2/61 HPs)
             Began as a Purple Draconian Gladiator on Feb 9, 2018.
             Was an Initiate of Ashenzari.
             Slain by an iguana (10 damage)
             ... on level 6 of the Dungeon.
             The game lasted 00:10:33 (5146 turns).

KristoblXynda the Carver (DrGl)                     Turns: 5146, Time: 00:10:35

Health: -2/61      AC: 10    Str: 22    XL:     8   Next: 88%
Magic:  8/8        EV: 15    Int: 12    God:    Ashenzari [......]
Gold:   201        SH:  0    Dex: 12    Spells: 7/7 levels left

rFire    . . .     SeeInvis .   a - +0 long sword
rCold    . . .     Gourm    .   (no shield)
rNeg     + . .     Faith    .   (armour unavailable)
rPois    +         Spirit   .   b - +1 hat
rElec    +         Reflect  .   (no cloak)
rCorr    .         Harm     .   n - +0 pair of gloves (curse)
MR       +....                  o - +1 pair of boots
Stlth    +.........             (no amulet)
HPRegen  0.20/turn              h - ring of positive energy
MPRegen  0.11/turn              y - +6 ring of strength

@: no status effects
A: breathe power, unfitting armour, claws 1, high mp 1, poison resistance,
electricity resistance, evolution 1, cold-blooded, subdued magic 1, AC +6
a: Breathe Dispelling Energy, Curse Item, Renounce Religion


You were on level 6 of the Dungeon.
You worshipped Ashenzari.
Ashenzari was noncommittal.
You were not hungry.

You visited 2 branches of the dungeon, and saw 7 of its levels.

You collected 243 gold pieces.
You spent 42 gold pieces at shops.

Inventory:

Hand Weapons
 a - a +0 long sword (weapon)
 v - a +0 blowgun
Missiles
 c - 3 throwing nets (quivered)
 r - 3 needles of sleeping
 w - 8 curare-tipped needles
Armour
 b - a +1 hat (worn)
 n - a cursed +0 pair of gloves (worn)
 o - a +1 pair of boots (worn)
Jewellery
 e - an uncursed ring of fire
 h - a ring of positive energy (left hand)
 l - an uncursed ring of magical power
 y - a +6 ring of strength (right hand)
Wands
 k - a wand of clouds (8)
Scrolls
 g - a scroll of identify
 i - 2 scrolls of enchant armour
 j - a scroll of amnesia {unknown}
 p - a scroll of immolation {unknown}
 s - a scroll of fear {unknown}
 x - 2 scrolls of teleportation {unknown}
Potions
 f - 2 potions of mutation
 m - a potion of flight
Comestibles
 d - 13 rations


   Skills:
 + Level 2.1 Fighting
 * Level 9.8 Long Blades
 - Level 2.0 Throwing
 + Level 6.6 Dodging


You had 7 spell levels left.
You didn't know any spells.

Dungeon Overview and Level Annotations

Branches:
Dungeon (6/15)             Temple (1/1) D:5

Altars:
Ashenzari
Cheibriados
Fedhas
Kikubaaqudgha
Makhleb
Nemelex Xobeh
Okawaru
Ru
Sif Muna
Trog
Uskayaw
Vehumet
Wu Jian
Xom
Yredelemnul
Zin
The Shining One

Shops:
D:5 *


Innate Abilities, Weirdness & Mutations

You can breathe bolts of dispelling energy.
Your rich purple scales are hard. (AC +6)
You cannot fit into any form of body armour.
You are cold-blooded and may be slowed by cold attacks.
You have sharp fingernails.
You have an increased reservoir of magic. (+10% MP)
Your system is resistant to poisons. (rPois)
You are resistant to electric shocks. (rElec)
You evolve.
Your spells are a little easier to cast, but a little less powerful.


Message History

The bolt of dispelling energy hits the two-headed ogre.
The two-headed ogre is almost dead.
You feel somewhat more hungry.
The two-headed ogre completely misses you.
You riposte.
You slash the two-headed ogre!
The two-headed ogre is almost dead.
The two-headed ogre hits you with a giant spiked club!
* * * LOW HITPOINT WARNING * * *
The iguana barely misses you.
You riposte.
You slash the iguana!
The iguana is heavily wounded.
Evoke which item? (* to show all) (? for menu, Esc to quit)
Okay, then.
Okay, then.
You hit the two-headed ogre but do no damage.
The two-headed ogre is almost dead.
You have got your breath back.
The two-headed ogre misses you.
The two-headed ogre completely misses you.
The iguana bites you!
You die...

###### #..... #.....
#..... #.....
##################.....
#.....@O...............
#......l...............
#......................
#.................>....
...................#####
..###############'##...<
. ..............
..............
..............


You could see a two-headed ogre and an iguana.

Vanquished Creatures
  The ghost of p0werm0de the Skirmisher, a novice FoCK of Cheibriados (D:5)
  Sigmund (D:4)
  The ghost of KristoblXynda the Slasher, an amateur DrGl (D:4)
  Menkaure (D:4)
  The ghost of Xoff the Skirmisher, an amateur GrMo (D:3)
  An ice beast (D:5)
  A phantom (D:4)
  An ogre (D:5)
  A howler monkey (D:5)
  2 crimson imps (D:5)
  A centaur zombie (D:5)
  3 orc priests
  A hound (D:5)
  An orc wizard (D:3)
  Ijyb (D:4)
  Jessica (D:2)
  3 worker ants
  A hound skeleton (D:5)
  Robin (D:4)
  4 adders
  A shadow imp (D:5)
  An adder skeleton (D:5)
  3 worms
  A dart slug (D:2)
  A leopard gecko (D:2)
  11 orcs
  3 giant cockroaches
  10 goblins
  13 hobgoblins
  7 jackals (D:5)
  10 kobolds
  A ball python (D:2)
  3 bats (D:2)
  4 frilled lizards
  A jackal zombie (D:5)
  A leopard gecko zombie (D:5)
  8 rats
107 creatures vanquished.

Vanquished Creatures (others)
  A sky beast (D:5)
1 creature vanquished.

Grand Total: 108 creatures vanquished

Notes
Turn   | Place    | Note
-------+----------+-------------------------------------------
     0 | D:1      | KristoblXynda the Draconian Gladiator began the quest for the Orb.
     0 | D:1      | Reached XP level 1. HP: 17/17 MP: 1/1
   259 | D:1      | Reached XP level 2. HP: 24/24 MP: 2/2
  1061 | D:2      | Reached XP level 3. HP: 29/29 MP: 3/3
  1294 | D:2      | Noticed Jessica
  1303 | D:2      | Killed Jessica
  1303 | D:2      | Reached skill level 4 in Long Blades
  1303 | D:2      | Reached XP level 4. HP: 30/36 MP: 4/4
  1695 | D:3      | Reached XP level 5. HP: 14/41 MP: 5/5
  1964 | D:3      | Noticed Xoff's ghost (amateur GrMo)
  1981 | D:3      | Killed Xoff's ghost
  1981 | D:3      | Reached skill level 5 in Long Blades
  1981 | D:3      | Reached XP level 6. HP: 40/48 MP: 6/6
  2389 | D:3      | Found a glowing golden altar of the Shining One.
  2594 | D:3      | Found a deep blue altar of Sif Muna.
  2594 | D:3      | Found a sacrificial altar of Ru.
  2820 | D:4      | Noticed Sigmund
  2820 | D:4      | Noticed Ijyb
  2820 | D:4      | Noticed KristoblXynda's ghost (amateur DrGl)
  2864 | D:4      | Noticed Menkaure
  2869 | D:4      | Killed Menkaure
  2869 | D:4      | Reached skill level 6 in Long Blades
  2899 | D:4      | Killed Ijyb
  2907 | D:4      | Gained mutation: Your spells are a little easier to cast, but a little less powerful. [potion of mutation]
  2907 | D:4      | Gained mutation: You are resistant to electric shocks. (rElec) [potion of mutation]
  2907 | D:4      | Gained mutation: You evolve. [potion of mutation]
  2907 | D:4      | Gained mutation: You have an increased reservoir of magic. (+10% MP) [potion of mutation]
  3181 | D:4      | Killed Sigmund
  3181 | D:4      | Your scales start taking on a rich purple colour.
  3181 | D:4      | Reached XP level 7. HP: 55/55 MP: 7/7
  3206 | D:4      | Reached skill level 7 in Long Blades
  3218 | D:4      | Found a shattered altar of Ashenzari.
  3229 | D:4      | Found a sparkling altar of Nemelex Xobeh.
  3236 | D:4      | Became a worshipper of Ashenzari the Shackled
  3324 | D:4      | Killed KristoblXynda's ghost
  3324 | D:4      | Reached skill level 5 in Dodging
  3406 | D:4      | Found an ancient bone altar of Kikubaaqudgha.
  3409 | D:4      | Found a blossoming altar of Fedhas.
  3435 | D:4      | Gained mutation: You have sharp fingernails. [evolution]
  3650 | D:5      | Entered Level 5 of the Dungeon
  3740 | D:4      | Noticed Robin
  3748 | D:4      | Reached skill level 8 in Long Blades
  3755 | D:4      | Killed Robin
  4072 | D:5      | Reached XP level 8. HP: 21/61 MP: 8/8
  4339 | D:5      | Found a staircase to the Ecumenical Temple.
  4351 | Temple   | Entered the Ecumenical Temple
  4584 | D:5      | Found an iron altar of Okawaru.
  4584 | D:5      | Found Ejyowy's General Store.
  4592 | D:5      | Bought a cursed +0 pair of gloves for 42 gold pieces
  4641 | D:5      | Reached skill level 9 in Long Blades
  4717 | D:5      | Gained mutation: Your system is resistant to poisons. (rPois) [evolution]
  4795 | D:5      | Noticed p0werm0de's ghost (novice FoCK)
  4832 | D:5      | Killed p0werm0de's ghost
  5113 | D:6      | Noticed a two-headed ogre
  5146 | D:6      | Slain by an iguana

Vault maps used:
D:1:      dpeg_arrival_tiny_g
D:2:      first_ration, uniq_jessica
D:3:      tso_altar, gammafunk_temple_overflow_elements, serial_bayou_crossing
D:4:      grunt_temple_overflow_growth_and_decay,
          chequers_temple_overflow_statue_of_worship, uniq_robin, uniq_menkaure,
          uniq_sigmund, uniq_ijyb
D:5:      nicolae_overflow_hidden_temple, okawaru_trees_2, temple_hall,
          serial_shops, shop
D:6:      lemuel_round_altar, marbit_many_paths, serial_shops,
          kennysheep_mini_moat, uniq_blork_the_orc
Temple:   compressed_dpeg_triangle_lava_temple

Skill      XL: |  1  2  3  4  5  6  7  8 |
---------------+-------------------------+-----
Throwing       | 2 |  2.0
Dodging        | 3 4 5 6 |  6.6
Long Blades    | 4 5 6 8 9 |  9.8
Fighting       | |  2.1

Action                   |  1- 3 |  4- 6 |  7- 9 || total
-------------------------+-------+-------+-------++-------
Melee: Long sword        |    81 |   104 |   204 ||   389
       Tailslap          |    10 |    17 |    39 ||    66
       Unarmed           |     4 |     1 |       ||     5
 Abil: Breathe Dispellin |       |       |     7 ||     7
  Use: Scroll            |       |     5 |     1 ||     6
       Potion            |       |     9 |     1 ||    10
 Stab: Sleeping          |     2 |     2 |       ||     4
  Eat: Chunk             |     1 |     2 |     1 ||     4
       Ration            |       |     2 |     2 ||     4
Armor: Skin              |    34 |    17 |    90 ||   141
Dodge: Dodged            |    76 |    64 |   151 ||   291
       Rpst.: Long sword |    20 |    22 |    39 ||    81

Table legend:
 A = Spawn XP
 B = Non-spawn XP
 C = Spawn XP percentage of total XP
 D = Spawn monster count
 E = Non-spawn monster count
 F = Spawn count percentage of total count
 G = Total turns spent on level
                    A         B        C        D         E        F      G
               +---------+---------+-------+---------+---------+-------+---------
         Total |       0 |    2642 |   0.0 |       0 |     108 |   0.0 |  5146
               +---------+---------+-------+---------+---------+-------+---------
           D:1 |       0 |      26 |   0.0 |       0 |      16 |   0.0 |   886
           D:2 |       0 |      81 |   0.0 |       0 |      19 |   0.0 |   741
           D:3 |       0 |     326 |   0.0 |       0 |      18 |   0.0 |  1435
           D:4 |       0 |     869 |   0.0 |       0 |      27 |   0.0 |   963
           D:5 |       0 |    1340 |   0.0 |       0 |      28 |   0.0 |   890
               +---------+---------+-------+---------+---------+-------+---------
